 Dungeon Crawl Stone Soup version 0.30-a0-1008-g30c9307041 (webtiles) character file.

Game seed: 11740249643533628209

48 promet the Shield-Bearer (level 3, -1/33 HPs)
             Began as a Minotaur Fighter on Apr 5, 2023.
             Slain by Sigmund
             ... wielding a +0 scythe
              (9 damage)
             ... on level 2 of the Dungeon.
             The game lasted 00:04:18 (1216 turns).

promet the Shield-Bearer (Minotaur Fighter)         Turns: 1216, Time: 00:04:19

Health: -1/33      AC:  8    Str: 20    XL:     3   Next: 50%
Magic:  2/2        EV:  9    Int:  7    God:
Gold:   33         SH:  4    Dex:  9    Spells: 2/2 levels left

rFire   . . .      SeeInvis .    a - +0 war axe
rCold   . . .      Faith    .    c - +0 buckler
rNeg    . . .      Spirit   .    k - +0 scale mail
rPois   .          Reflect  .    (helmet restricted)
rElec   .          Rampage  .    (no cloak)
rCorr   .                        i - +0 pair of gloves
Will    .....                    (no boots) Stlth
                                 (no amulet)
HPRegen 0.25/turn                (no ring)
MPRegen 0.08/turn                (no ring)

@: mighty, brilliant
A: horns 2, retaliatory headbutt
a: no special abilities


You were on level 2 of the Dungeon.
You visited 1 branch of the dungeon, and saw 2 of its levels.

You collected 33 gold pieces.

Inventory:

Hand Weapons
 a - a +0 war axe (weapon)
 b - a +0 sling
 n - a +1 whip of pain
Armour
 c - a +0 buckler (worn)
 i - a +0 pair of gloves (worn)
 k - a +0 scale mail (worn)
Scrolls
 e - a scroll of noise {unknown}
 f - a scroll of identify
 h - a scroll of magic mapping {unknown}
 j - a scroll of teleportation {unknown}
 m - a scroll of fog {unknown}
Potions
 o - a potion of mutation {unknown}


   Skills:
 + Level 4.1 Fighting
 + Level 2.8 Axes
 + Level 4.3 Armour
 + Level 0.1 Dodging
 + Level 0.1 Stealth
 + Level 4.3 Shields


You had 2 spell levels left.
You didn't know any spells.
Your spell library was empty.

Dungeon Overview and Level Annotations

Branches:
Dungeon (2/15)

Altars:

Annotations:
D:2 Sigmund


Innate Abilities, Weirdness & Mutations

You have a pair of horns on your head.
You reflexively headbutt those who attack you in melee.


Message History

You slash the worm!
You kill the worm!
You start resting.
HP restored.
You start waiting.
A rat is nearby!
A rat is nearby!
You hit the rat.
You kill the rat!
You see here a rat corpse.
Sigmund shouts!
Sigmund gestures at you while chanting.
You are confused.
Sigmund casts a spell at you. The magic dart hits you!
Sigmund points at you and mumbles some strange words.
You are more confused.
You bump into the closed door.
You're too confused to move!
You bump into the rock wall.
You feel very mighty all of a sudden.
Sigmund mumbles some strange words.
Sigmund flickers and vanishes!
Deactivating autopickup; reactivate with Ctrl-A.
It was a potion of brilliance.
You feel clever all of a sudden.
Okay, then.
Okay, then.
It was a potion of curing.
You feel better. Something hits you but does no damage.
Found 8 gold pieces.
Something hits you. x2
Something hits you. Something hits you but does no damage. Something hits you!
Something hits you.
* * * LOW HITPOINT WARNING * * *
You closely miss something. You headbutt something! You closely miss something.
Something hits you!
You die...

...#)###.########...†......#
>.......<..................#
...$...######..............#
.......# ..............#
........#########..........#
......#.........+..........+
................#..........#
................{.........###
#####...........@...........#
.....$...............#.##
.......###########..# .......
####'#### ....... #........
####### #........ ###########
#........ #.........#
#........ #.....###.#
#........


There were no monsters in sight!

Vanquished Creatures
  A worm (D:2)
  3 dart slugs
  3 endoplasms
  2 giant cockroaches
  2 goblins (D:1)
  4 hobgoblins
  4 jackals (D:1)
  A ball python (D:1)
  4 bats
  2 frilled lizards
  7 kobolds
  3 rats
36 creatures vanquished.

Notes
Turn   | Place    | Note
-------+----------+-------------------------------------------
     0 | D:1      | promet the Minotaur Fighter began the quest for the Orb.
     0 | D:1      | Reached XP level 1. HP: 19/19 MP: 0/0
   335 | D:1      | Reached XP level 2. HP: 27/27 MP: 1/1
   826 | D:2      | Noticed Sigmund
   841 | D:2      | Reached XP level 3. HP: 20/33 MP: 2/2
  1216 | D:2      | Slain by Sigmund

Illustrated notes

Levels and vault maps discovered:
D:1:      minmay_arrival_doors, layout_basic, hellmonk_ecumenical_altar_blasted
D:2:      layout_basic, uniq_sigmund

Skill      XL: |  1  2 |
---------------+-------+-----
Fighting       | 4 |  4.1
Shields        | 4 |  4.3
Armour         | 4 |  4.3
Axes           | |  2.8
Dodging        | |  0.1
Stealth        | |  0.1

Action                     || total
---------------------------++-------
  Melee: War axe           ||    62
         Headbutt          ||    10
   Fire: Sling             ||     1
    Use: Scroll            ||     1
         Potion            ||     3
 Armour: Scale mail        ||    43
  Dodge: Dodged            ||    49
  Block: Buckler           ||    24

Table legend: (Time is in decaauts)
 A = Elapsed time spent in this place.
 B = Non-inter-level travel time spent in this place.
 C = Inter-level travel time spent in this place.
 D = Time resting spent in this place.
 E = Time spent auto-exploring this place.
 F = Levels seen in this place.
 G = Mean time per level.
                   A        B        C        D        E       F      G
               +--------+--------+--------+--------+--------+-----+--------+
         Total |   1242 |   1154 |     88 |    419 |    201 |   2 |  621.0 |
       Dungeon |   1242 |   1154 |     88 |    419 |    201 |   2 |  621.0 |
               +--------+--------+--------+--------+--------+-----+--------+

Top non-repeatable levels by time:
     D:1: 898 daAuts
     D:2: 344 daAuts
